Map: Emerald City LE

Players

Throwfordays

  • Race: Protoss Protoss
  • Spawn Location: 5:00

Faust

  • Race: Zerg Zerg
  • League: Platinum
  • Spawn Location: 5:00

Poseidón

  • Race: Zerg Zerg
  • League: Master
  • Spawn Location: 11:00

Zeus

  • Race: Protoss Protoss
  • League: Master
  • Spawn Location: 11:00

VOD

Have the link to the VOD?

Description

Time

  • Played on: Feb. 23, 2021, 5:28 p.m.
  • Length: 11:33
Show
View Real Time Build Order
Export as new Build Order

Throwfordays Protoss 

Build Orders: 1 Gate Expand 

Get SALT Encoding   

  12  0:01  Probe  
  13  0:15  Pylon  
  13  0:18  Probe  
  14  0:30  Probe  
  15  0:36  Gateway  
  15  0:42  Probe  
  16  0:49  Assimilator  
  16  0:54  Probe  
  17  1:06  Probe  
  19  1:18  Probe  
  19  1:24  Nexus  
  19  1:34  Pylon  
  19  1:38  Probe  
  20  1:43  Zealot  
  22  1:50  Probe  
  22  1:53  Assimilator  
  23  2:02  Cybernetics Core  
  23  2:08  Probe  
  24  2:21  Probe  
  25  2:24  Gateway  
  25  2:30  Forge  
  26  2:37  Probe (Chrono Boost)  
  26  2:38  Probe (Chrono Boost)  
  27  2:46  Probe (Chrono Boost)  
  27  2:49  Probe (Chrono Boost)  
  29  2:51  Probe (Chrono Boost)  
  29  2:52  Warp Gate (Chrono Boost)  
  30  2:58  Stalker  
  30  3:03  Probe  
  30  3:04  Probe  
  34  3:14  Gateway  
  34  3:29  Probe  
  34  3:30  Probe  
  34  3:32  Stalker  
  38  3:41  Probe  
  39  3:42  Probe  
  40  3:49  Pylon  
  40  3:53  Photon Cannon, Probe  
  40  3:55  Probe  
  42  4:04  Assimilator  
  42  4:05  Probe  
  42  4:06  Stargate  
  42  4:07  Assimilator, Probe  
  44  4:11  Stalker  
  46  4:18  Probe  
  46  4:23  Probe  
  48  4:27  Zealot x2  
  48  4:35  Probe  
  48  4:38  Stargate  
  47  4:47  Probe  
  47  4:49  Shield Battery  
  47  4:51  Shield Battery, Void Ray  
  48  4:53  Shield Battery  
  52  5:01  Pylon  
  52  5:03  Pylon  
  52  5:10  Adept  
  52  5:12  Pylon  
  54  5:22  Adept  
  54  5:23  Adept  
  54  5:24  Void Ray  
  62  5:36  Stargate  
  62  5:38  Protoss Shields Level 1  
  62  5:43  Probe  
  62  5:47  Pylon  
  62  5:49  Pylon  
  63  5:52  Protoss Air Weapons Level 1  
  63  5:55  Probe  
  64  6:07  Probe  
  64  6:09  Stargate  
  65  6:23  Adept x2  
  65  6:24  Adept  
  71  6:42  Void Ray x2  
  71  6:43  Pylon, Void Ray  
  83  6:58  Adept x3  
  89  7:06  Void Ray  
  93  7:36  Void Ray x2  
  101  7:56  Protoss Air Armor Level 1 (Chrono Boost)  
  101  8:11  Nexus  
  101  8:14  Assimilator  
  101  8:18  Assimilator, Probe  
  102  8:21  Pylon  
  102  8:25  Pylon  
  102  8:27  Pylon  
  102  8:33  Void Ray  
  102  8:37  Void Ray x2  
  102  8:39  Probe x2  
  116  8:51  Probe x2  
  118  8:57  Void Ray  
  118  8:58  Protoss Ground Armor Level 1  
  118  9:03  Probe  
  123  9:26  Fleet Beacon  
  123  9:30  Pylon  
  123  9:54  Probe  
  124  10:07  Probe  
  125  10:19  Probe  
  102  10:31  Probe  
  95  10:40  Tempest x3  
  95  10:41  Tempest  
  115  10:43  Probe  
  116  10:51  Stargate x2  
  110  11:06  Probe  
  110  11:10  Stalker x3  
  109  11:18  Probe  
Show
View Real Time Build Order
Export as new Build Order

Faust Zerg 

Build Orders: Hatch First 

Get SALT Encoding   

  12  0:01  Drone  
  13  0:11  Drone  
  14  0:15  Extractor  
  14  0:16  Drone  
  14  0:23  Extractor  
  14  0:24  Drone  
  16  0:28  Overlord  
  16  0:49  Drone x2  
  18  0:59  Hatchery  
  17  1:12  Spawning Pool  
  17  1:17  Drone  
  17  1:20  Drone  
  18  1:49  Hatchery  
  18  1:50  Drone  
  18  1:51  Drone  
  18  1:52  Overlord  
  19  2:01  Queen  
  19  2:03  Drone  
  22  2:18  Drone  
  22  2:19  Drone  
  22  2:22  Drone  
  25  2:23  Queen  
  25  2:25  Drone  
  28  2:33  Drone  
  28  2:35  Drone  
  30  2:44  Overlord  
  30  2:47  Overlord  
  30  2:58  Drone x2  
  32  3:03  Queen  
  32  3:05  Drone x2  
  36  3:12  Drone x4  
  40  3:15  Queen  
  40  3:17  Queen  
  40  3:19  Drone  
  45  3:28  Extractor  
  45  3:32  Extractor  
  43  3:35  Drone x3  
  43  3:36  Drone x3  
  49  3:46  Extractor, Drone x3  
  49  3:47  Drone x3  
  54  3:53  Extractor  
  53  4:04  Drone x3  
  53  4:08  Drone  
  53  4:09  Drone  
  58  4:11  Overlord  
  58  4:12  Overlord  
  58  4:22  Lair  
  58  4:29  Overlord  
  58  4:33  Zergling x6  
  58  4:34  Zergling x10  
  49  4:41  Metabolic Boost  
  49  4:45  Baneling Nest  
  44  4:46  Drone  
  44  4:47  Drone x3  
  46  4:58  Zergling x10  
  46  4:59  Zergling x4  
  43  5:17  Drone  
  44  5:22  Drone x2  
  44  5:25  Drone  
  44  5:26  Drone x4  
  44  5:27  Drone  
  52  5:37  Drone  
  52  5:40  Drone x4  
  57  5:53  Queen  
  57  5:55  Queen  
  61  5:57  Drone  
  61  5:58  Drone x2  
  61  6:21  Zergling x6  
  61  6:22  Zergling x4, Drone x2  
  61  6:23  Drone x3  
  61  6:24  Overlord  
  65  6:36  Zergling x2  
  65  6:37  Zergling x6  
  69  6:41  Baneling x3  
  69  6:42  Baneling  
  69  6:44  Drone x4  
  73  6:53  Spire  
  60  7:14  Evolution Chamber  
  59  7:24  Drone  
  59  7:25  Overlord x2  
  60  7:34  Pneumatized Carapace  
  60  7:40  Extractor  
  59  7:45  Zerg Melee Weapons Level 1  
  59  7:47  Hatchery  
  58  8:07  Mutalisk x8  
  58  8:11  Mutalisk x2  
  78  8:19  Zerg Flyer Weapons Level 1  
  78  8:20  Mutalisk x6  
  78  8:24  Mutalisk  
  92  8:38  Mutalisk x2  
  96  9:01  Drone x3  
  99  9:03  Drone x7  
  89  9:38  Drone x3  
  89  9:39  Drone x4  
  89  9:40  Extractor, Drone x6  
  100  9:58  Hatchery  
  90  10:29  Mutalisk x7  
  90  10:30  Mutalisk x2  
  100  10:36  Corruptor  
  100  10:37  Corruptor x2  
  106  10:44  Overlord  
  106  10:45  Overlord x5  
  106  10:53  Infestation Pit  
  105  10:59  Baneling x3  
Show
View Real Time Build Order
Export as new Build Order

Poseidón Zerg 

Build Orders: Hatch First 

Get SALT Encoding   

  12  0:00  Drone  
  13  0:08  Drone  
  14  0:20  Overlord  
  14  0:38  Drone  
  14  0:40  Drone x2  
  17  1:03  Hatchery  
  16  1:09  Spawning Pool, Drone  
  16  1:14  Extractor  
  16  1:17  Extractor, Drone  
  15  1:28  Drone x2  
  17  1:40  Drone  
  17  1:44  Drone  
  19  1:55  Drone  
  19  1:58  Metabolic Boost  
  19  2:00  Queen  
  22  2:08  Overlord  
  22  2:15  Drone  
  23  2:23  Queen  
  23  2:27  Drone  
  26  2:31  Drone  
  26  2:37  Drone  
  28  2:39  Zergling x2  
  29  2:46  Zergling x2  
  29  2:49  Zergling x2  
  29  2:50  Zergling x2  
  32  3:01  Zergling x4  
  34  3:09  Zergling x2  
  35  3:13  Zergling x2  
  35  3:14  Overlord  
  36  3:21  Evolution Chamber  
  36  3:22  Evolution Chamber  
  36  3:23  Zergling x2  
  36  3:24  Zergling x2  
  36  3:32  Zergling x2  
  36  3:33  Zergling x4  
  39  3:35  Zergling x2  
  39  3:38  Zergling x2  
  41  3:45  Zergling x4  
  41  3:48  Zergling x2  
  44  4:03  Zerg Melee Weapons Level 1  
  44  4:05  Zerg Ground Armor Level 1  
  33  5:04  Zergling x2  
  33  5:05  Zergling x20  
  39  5:34  Lair  
  37  5:40  Zergling x2, Hatchery  
  37  5:41  Zergling x14  
  44  6:28  Overlord x7  
  44  6:39  Hydralisk Den  
  42  6:55  Drone  
  42  6:56  Drone x4  
  41  7:21  Drone  
  41  7:22  Drone x6  
  48  7:41  Grooved Spines  
  48  8:05  Queen  
  50  8:15  Drone  
  50  8:16  Drone x15  
  66  8:25  Pneumatized Carapace  
  66  8:39  Extractor  
  65  8:42  Extractor  
  64  8:52  Muscular Augments  
  64  8:56  Spine Crawler  
  64  8:59  Baneling Nest  
  63  9:04  Infestation Pit  
  63  9:06  Drone  
  63  9:07  Drone x2  
  65  9:24  Hydralisk  
  65  9:25  Hydralisk x10  
  87  9:40  Extractor  
  87  9:42  Extractor  
  87  9:44  Spore Crawler  
  84  9:45  Spore Crawler  
  84  9:47  Spore Crawler  
  84  9:48  Spine Crawler  
  84  9:52  Spine Crawler  
  80  10:01  Hydralisk x11  
  97  10:42  Hydralisk x4  
  99  10:45  Overlord x6  
  99  10:46  Overlord  
Show
View Real Time Build Order
Export as new Build Order

Zeus Protoss 

Build Orders: Carriers 

Get SALT Encoding   

  12  0:00  Probe (Chrono Boost)  
  13  0:10  Probe (Chrono Boost)  
  14  0:24  Pylon  
  14  0:30  Pylon  
  14  0:32  Probe  
  15  0:44  Probe  
  15  0:48  Forge  
  16  0:56  Probe  
  17  1:08  Gateway  
  17  1:17  Assimilator  
  17  1:31  Photon Cannon  
  17  1:35  Gateway  
  17  1:42  Gateway  
  17  1:43  Photon Cannon  
  17  1:48  Probe  
  18  2:00  Probe  
  19  2:12  Probe  
  20  2:21  Pylon  
  20  2:25  Zealot  
  20  2:29  Zealot  
  24  2:37  Photon Cannon  
  24  2:58  Nexus  
  24  3:14  Probe  
  24  3:19  Assimilator  
  25  3:26  Probe  
  26  3:27  Pylon  
  26  3:29  Pylon  
  26  3:38  Probe  
  27  3:50  Probe  
  28  4:03  Probe (Chrono Boost)  
  28  4:08  Pylon  
  29  4:13  Photon Cannon  
  29  4:15  Probe (Chrono Boost)  
  31  4:20  Probe (Chrono Boost)  
  31  4:22  Probe (Chrono Boost)  
  32  4:25  Cybernetics Core  
  32  4:28  Probe  
  32  4:29  Probe  
  34  4:40  Probe (Chrono Boost)  
  34  4:43  Probe (Chrono Boost)  
  36  4:50  Probe (Chrono Boost)  
  38  4:53  Probe (Chrono Boost)  
  38  4:57  Probe (Chrono Boost)  
  38  4:58  Assimilator, Probe (Chrono Boost)  
  40  5:00  Assimilator  
  40  5:06  Probe  
  41  5:07  Probe  
  41  5:08  Stargate  
  41  5:09  Stargate  
  42  5:18  Probe  
  42  5:19  Probe  
  44  5:30  Probe  
  44  5:32  Probe  
  46  5:42  Probe  
  47  5:44  Probe  
  48  5:54  Probe  
  48  5:56  Nexus, Probe  
  50  5:59  Fleet Beacon  
  50  6:03  Pylon  
  50  6:07  Probe  
  50  6:08  Stargate, Probe  
  52  6:19  Shield Battery  
  52  6:22  Shield Battery  
  52  6:32  Pylon  
  52  6:34  Photon Cannon  
  52  6:37  Void Ray  
  52  6:38  Void Ray  
  52  6:39  Stargate  
  60  7:05  Carrier  
  66  7:13  Protoss Air Weapons Level 1  
  66  7:14  Stargate  
  66  7:17  Pylon  
  72  7:46  Probe, Carrier (Chrono Boost)  
  72  7:50  Photon Cannon  
  73  7:51  Photon Cannon  
  73  7:53  Shield Battery  
  73  7:55  Photon Cannon  
  73  7:58  Probe  
  74  8:04  Assimilator  
  74  8:08  Assimilator  
  74  8:10  Probe  
  75  8:15  Photon Cannon  
  75  8:17  Shield Battery  
  75  8:18  Carrier x2 (Chrono Boost)  
  75  8:22  Probe  
  88  8:34  Probe  
  89  8:42  Carrier  
  89  8:46  Probe  
  96  8:54  Stargate  
  96  8:58  Pylon  
  96  8:59  Pylon  
  96  9:04  Carrier  
  100  9:22  Protoss Air Armor Level 1  
  96  9:41  Carrier x2  
  108  9:50  Pylon  
  108  10:06  Nexus  
  108  10:42  Pylon  
Tags
 
Add a new tag
Caveats
  • Supply blocks, unpowered buildings, or Contaminate may cause inaccurate times.
  • Supply counts are checked every 10 seconds.